 Dungeon Sprint DCSS version 0.21-a0-49-g7bf2ba4 (webtiles) character file.

1174 Kidiri the Grappler (level 8, -4/83 HPs)
             Began as a Troll Monk on June 10, 2017.
             Was a Priest of Wu Jian.
             Slain by Snorg (10 damage)
             ... in the Dungeon (Sprint III: "The Ten Rune Challenge").
             The game lasted 00:05:21 (701 turns).

Kidiri the Grappler (Troll Monk)                     Turns: 701, Time: 00:05:21

Health: -4/83      AC:  5    Str: 18 (20) XL:     8   Next: 18%
Magic:  7/7        EV: 14    Int:  5 (6)  God:    Wu Jian [***...]
Gold:   45         SH:  0    Dex: 13 (14) Spells: 7/7 levels left

rFire    . . .     SeeInvis .     - Unarmed
rCold    . . .     Gourm    +   (no shield)
rNeg     . . .     Faith    .   a - +0 robe
rPois    .         Spirit   .   (helmet restricted)
rElec    +         Reflect  .   (no cloak)
rCorr    .         Harm     .   (gloves unavailable)
MR       .....     NoTele   +   (boots unavailable)
Stlth    +++.......             (no amulet)
Regen    0.7/turn               (no ring)
MPRegen  0.1/turn               (no ring)

@: very slightly contaminated, hasted, very quick
A: unfitting armour, claws 3, deterioration 1, fast metabolism 3, gourmand,
mutation resistance 1, regeneration 1, shaggy fur 1, electricity resistance,
tough skin 2
a: Renounce Religion


You were in the Dungeon.
You worshipped Wu Jian.
Wu Jian was most pleased with you.
You were not hungry.

You visited 1 branch You collected 45 gold pieces.

Inventory:

Armour
 a - a +0 robe (worn)
Scrolls
 j - a scroll of holy word
 l - 3 scrolls of remove curse
 o - a scroll of torment
Potions
 c - 2 potions of curing
 f - 2 potions of magic
 n - a potion of brilliance
 p - a potion of flight
Miscellaneous
 i - a crystal ball of energy
Comestibles
 b - 3 bread rations
 g - a royal jelly
 m - a meat ration


   Skills:
 + Level 5.8 Fighting
 + Level 5.1 Armour
 * Level 8.1 Dodging
 * Level 5.8 Stealth
 * Level 9.7 Unarmed Combat
 + Level 0.0 Evocations


You had 7 spell levels left.
You didn't know any spells.

Dungeon Overview and Level Annotations

Branches:
Dungeon (1/1)

Altars:
Cheibriados
Dithmenos
Elyvilon
Fedhas
Gozag
Hepliaklqana
Kikubaaqudgha
Makhleb
Nemelex Xobeh
Okawaru
Qazlal
Ru
Sif Muna
Trog
Uskayaw
Vehumet
Wu Jian
Xom
Yredelemnul
Zin
The Shining One
Beogh
Jiyva
Lugonu

Annotations:
D Snorg


Innate Abilities, Weirdness & Mutations

You are too large for most types of armour.
You have claws for hands.
Your metabolism is lightning-fast.
You like to eat raw meat.
Your natural rate of healing is unusually fast.
You are covered in fur. (AC +1)
You have very tough skin. (AC +2)
Your body sometimes deteriorates upon taking damage.
You are somewhat resistant to further mutation.
You are resistant to electric shocks. (rElec)


Message History

Snorg claws you.
* * * LOW HITPOINT WARNING * * *
Unknown command.
Unknown command.
You feel much better. Snorg bites you!
* * * LOW HITPOINT WARNING * * *
Snorg claws you!
* * * LOW HITPOINT WARNING * * *
Snorg claws you!
* * * LOW HITPOINT WARNING * * *
Okay, then.
Unknown command.
Unknown command.
Blink to where?
Press: ? - help, Dir - move target cursor You are very lightly contaminated with residual magic.
As you read the scroll of blinking, it crumbles to dust.
There is an open door here.
You feel yourself speed up. Snorg bites you!
You die...

♣.#___#___#__# ♣♣
♣♣.#...#__.#[_#
.♣♣♣..###+#+###+##
.♣♣.♣.#...)......#
≈..♣..'.⌠........#
≈≈≈♣♣.#...######'#
≈≈....#.⌠.#__#...#+#####
≈.....#...#__#...#.T§§≈+
......#+###__#..@#.#§§§#
......#.):#__#...T.#§T§#
......#___#__+...#.#.§§#
▓▓▓▓▓▓▓▓▓▓▓▓▓▓▓▓▓▓▓▓▓▓▓▓
* , , + , ≈ *+


You could see Snorg.

Vanquished Creatures
  A deep elf mage (D)
  A shadow (D)
  A spatial vortex (D)
  A necrophage (D)
  A water elemental (D)
  A jelly (D)
  A wizard (D)
  A necromancer (D)
  3 humans (D)
  A kobold demonologist (D)
  An ooze (D)
  A phantom (D)
  3 rats (D)
17 creatures vanquished.

Vanquished Creatures (others)
  2 draconian scorchers (D)
  6 hellions (D)
  2 yaktaurs (D)
  5 plants (D)
15 creatures vanquished.

Grand Total: 32 creatures vanquished

Notes
Turn   | Place    | Note
-------+----------+-------------------------------------------
     0 | D        | Kidiri the Troll Monk began the quest for the Orb.
     0 | D        | Reached XP level 1. HP: 22/22 MP: 0/0
    64 | D        | Killed a yaktaur
    94 | D        | Killed a hellion
    95 | D        | Killed a hellion
    96 | D        | Killed a hellion
    98 | D        | Killed a hellion
    99 | D        | Killed a hellion
   115 | D        | Killed a yaktaur
   137 | D        | Killed a hellion
   162 | D        | Reached skill level 1 in Armour
   162 | D        | Reached skill level 4 in Unarmed Combat
   162 | D        | Reached XP level 2. HP: 12/29 MP: 1/1
   228 | D        | Killed a white draconian scorcher
   230 | D        | Reached XP level 3. HP: 28/36 MP: 2/2
   238 | D        | Killed a white draconian scorcher
   247 | D        | Gained mutation: Your mind is acute. (Int +2) [potion of mutation]
   247 | D        | Gained mutation: You passively map a small area around you. [potion of mutation]
   247 | D        | Gained mutation: You have a pair of small antennae on your head. [potion of mutation]
   248 | D        | Lost mutation: Your mind is acute. (Int +2) [potion of mutation]
   248 | D        | Lost mutation: You passively map a small area around you. [potion of mutation]
   248 | D        | Lost mutation: You have a pair of small antennae on your head. [potion of mutation]
   248 | D        | Gained mutation: You are robust. (+10% HP) [potion of mutation]
   248 | D        | Gained mutation: You are agile. (Dex +2) [potion of mutation]
   248 | D        | Gained mutation: You have sharp toenails. [potion of mutation]
   249 | D        | Lost mutation: You have sharp toenails. [potion of mutation]
   249 | D        | Lost mutation: You are robust. (+10% HP) [potion of mutation]
   249 | D        | Lost mutation: You are agile. (Dex +2) [potion of mutation]
   249 | D        | Gained mutation: You evolve. [potion of mutation]
   249 | D        | Gained mutation: You have very sharp teeth. [potion of mutation]
   249 | D        | Gained mutation: You are partially covered in thin metallic scales. (AC +2) [potion of mutation]
   249 | D        | Gained mutation: You are resistant to electric shocks. (rElec) [potion of mutation]
   250 | D        | Lost mutation: You are partially covered in thin metallic scales. (AC +2) [potion of mutation]
   250 | D        | Lost mutation: You evolve. [potion of mutation]
   250 | D        | Lost mutation: You have very sharp teeth. [potion of mutation]
   250 | D        | Gained mutation: Your body sometimes deteriorates upon taking damage. [potion of mutation]
   250 | D        | Gained mutation: You are somewhat resistant to further mutation. [potion of mutation]
   277 | D        | Noticed a water elemental
   290 | D        | Killed a water elemental
   290 | D        | Reached skill level 5 in Unarmed Combat
   290 | D        | Reached XP level 4. HP: 10/45 MP: 3/3
   360 | D        | Found an ornate altar of the Wu Jian Council.
   360 | D        | Found an iron altar of Okawaru.
   361 | D        | Found a roughly hewn altar of Beogh.
   361 | D        | Found a bloodstained altar of Trog.
   361 | D        | Found a hide-covered altar of Uskayaw.
   361 | D        | Noticed a human
   361 | D        | Noticed a human
   367 | D        | Killed a human
   367 | D        | Reached skill level 5 in Dodging
   367 | D        | Reached skill level 6 in Unarmed Combat
   367 | D        | Reached XP level 5. HP: 50/54 MP: 4/4
   370 | D        | Killed a human
   370 | D        | Reached skill level 7 in Unarmed Combat
   370 | D        | Reached XP level 6. HP: 60/63 MP: 5/5
   374 | D        | Became a worshipper of the Wu Jian Council
   374 | D        | Reached * piety under Wu Jian
   374 | D        | Reached ** piety under Wu Jian
   407 | D        | Found a glowing silver altar of Zin.
   408 | D        | Found a glowing golden altar of the Shining One.
   408 | D        | Found a white marble altar of Elyvilon.
   408 | D        | Noticed a deep elf mage
   411 | D        | Noticed an ice beast
   413 | D        | Noticed an ice beast
   422 | D        | Killed a deep elf mage
   422 | D        | Reached skill level 5 in Fighting
   422 | D        | Reached skill level 5 in Stealth
   422 | D        | Reached skill level 8 in Unarmed Combat
   422 | D        | Reached XP level 7. HP: 39/72 MP: 6/6
   475 | D        | Found a radiant altar of Vehumet.
   476 | D        | Found a deep blue altar of Sif Muna.
   476 | D        | Found an ancient bone altar of Kikubaaqudgha.
   478 | D        | Noticed a rust devil
   478 | D        | Reached skill level 9 in Unarmed Combat
   508 | D        | Found a shadowy altar of Dithmenos.
   509 | D        | Found a basalt altar of Yredelemnul.
   509 | D        | Found a sacrificial altar of Ru.
   519 | D        | Reached *** piety under Wu Jian
   559 | D        | Noticed a shadow
   569 | D        | Killed a shadow
   569 | D        | Reached skill level 5 in Armour
   569 | D        | Reached XP level 8. HP: 23/82 MP: 7/7
   663 | D        | Found a blossoming altar of Fedhas.
   663 | D        | Found a stormy altar of Qazlal.
   663 | D        | Found a snail-covered altar of Cheibriados.
   663 | D        | Found a burning altar of Makhleb.
   663 | D        | Found a shimmering altar of Xom.
   664 | D        | Found a hazy altar of Hepliaklqana.
   664 | D        | Found an opulent altar of Gozag.
   664 | D        | Found a sparkling altar of Nemelex Xobeh.
   664 | D        | Found a corrupted altar of Lugonu.
   664 | D        | Found a viscous altar of Jiyva.
   687 | D        | Noticed Snorg
   695 | D        | HP: 4/83 [Snorg (5)]
   701 | D        | Slain by Snorg

Vault maps used:
D:        dungeon_sprint_mu

Skill      XL: |  1  2  3  4  5  6  7  8 |
---------------+-------------------------+-----
Armour         | 1 2 3 4 5 |  5.1
Dodging        | 3 4 5 6 7 8 |  8.1
Unarmed Combat | 4 5 6 7 8 9 |  9.7
Fighting       | 3 4 5 |  5.8
Stealth        | 2 3 4 5 |  5.8

Action                   |  1- 3 |  4- 6 |  7- 9 || total
-------------------------+-------+-------+-------++-------
Melee: Unarmed           |    37 |    21 |    35 ||    93
       Punch             |     3 |     1 |     3 ||     7
  Use: Potion            |     4 |     1 |     3 ||     8
       Scroll            |     4 |       |     1 ||     5
 Stab: Sleeping          |     3 |     1 |     2 ||     6
  Eat: Chunk             |     2 |       |     4 ||     6
Armor: Robe              |     2 |     2 |     4 ||     8
Dodge: Dodged            |    20 |     9 |     8 ||    37
